Map: Abiogênese LE

Players

IagoAbreu - Winner!

  • Race: Zerg Zerg
  • League: Gold
  • Spawn Location: 11:00

Ricardo

  • Race: Zerg Zerg
  • League: Silver
  • Spawn Location: 5:00

VOD

Have the link to the VOD?

Description

Time

  • Played on: May 8, 2018, 1:33 p.m.
  • Length: 13:08
Show
View Real Time Build Order
Export as new Build Order

IagoAbreu Zerg - Winner!

Build Orders: Pool First 

Get SALT Encoding   

  12  0:01  Drone  
  13  0:09  Drone  
  14  0:17  Overlord  
  14  0:26  Extractor  
  14  0:27  Drone  
  14  0:41  Spawning Pool  
  13  0:45  Drone  
  14  0:53  Drone  
  14  0:54  Drone  
  16  1:02  Evolution Chamber  
  15  1:05  Drone  
  15  1:10  Drone  
  17  1:19  Drone  
  18  1:29  Queen  
  18  1:31  Drone  
  21  1:40  Extractor  
  21  1:44  Roach Warren  
  19  1:51  Zerg Missile Weapons Level 1  
  19  1:57  Drone  
  20  2:13  Drone  
  20  2:14  Roach Warren  
  20  2:16  Drone  
  20  2:21  Drone  
  22  2:31  Overlord  
  22  2:51  Drone  
  22  2:52  Drone  
  22  2:53  Roach x2  
  28  3:03  Lair  
  28  3:28  Hatchery  
  27  3:37  Roach  
  29  3:46  Zerg Ground Armor Level 1  
  29  3:54  Overlord x2  
  25  4:23  Glial Reconstitution  
  25  4:25  Tunneling Claws  
  25  4:28  Roach x3  
  31  4:36  Queen  
  31  4:59  Drone x4  
  35  5:09  Roach x2  
  39  5:23  Overlord x2  
  39  5:47  Roach x3  
  45  6:06  Burrow  
  45  6:11  Roach x4  
  53  6:16  Hatchery  
  52  6:49  Roach  
  52  6:51  Overlord x2  
  52  6:52  Overlord  
  54  7:40  Roach x2  
  54  7:41  Roach x7  
  54  7:42  Roach  
  74  7:54  Ravager x2  
  76  7:58  Overlord x2  
  76  7:59  Overlord  
  76  8:22  Roach x7  
  90  8:29  Ravager x6  
  90  8:30  Ravager  
  97  8:55  Extractor  
  96  8:59  Drone x4  
  100  9:06  Overlord x2  
  98  9:49  Roach x6  
  98  9:50  Roach x3  
  90  10:31  Hatchery  
  86  11:16  Roach x18  
  86  11:18  Hatchery  
  67  11:53  Queen  
Show
View Real Time Build Order
Export as new Build Order

Ricardo Zerg 

Build Orders: Pool First 

Get SALT Encoding   

  12  0:03  Drone  
  13  0:09  Drone  
  14  0:19  Overlord  
  14  0:44  Spawning Pool  
  14  0:46  Drone x2  
  14  0:47  Drone  
  16  1:00  Drone  
  17  1:18  Extractor  
  16  1:19  Drone  
  16  1:23  Drone  
  18  1:30  Drone  
  19  1:32  Queen  
  21  1:43  Overlord  
  21  2:00  Overlord  
  21  2:15  Zergling x4  
  22  2:18  Hatchery, Queen  
  24  2:26  Evolution Chamber  
  24  2:27  Drone, Roach Warren  
  23  2:35  Drone  
  24  2:42  Metabolic Boost  
  24  2:45  Zergling x4  
  26  2:52  Zergling x4  
  28  3:02  Zergling x2  
  29  3:09  Zergling x2  
  30  3:26  Roach x4  
  38  3:36  Roach  
  40  3:46  Lair  
  40  4:04  Roach x2  
  43  4:18  Drone  
  43  4:19  Overlord x2  
  43  4:22  Overlord  
  43  4:37  Queen  
  46  4:45  Ravager  
  46  4:46  Spore Crawler  
  45  5:03  Drone  
  45  5:07  Drone x6  
  47  5:08  Drone  
  52  5:38  Roach  
  52  5:39  Roach x3  
  56  5:51  Roach x4  
  64  6:02  Extractor  
  63  6:16  Drone  
  63  6:17  Drone  
  65  6:20  Drone x3  
  65  6:23  Extractor  
  65  6:25  Ravager  
  68  6:54  Overlord x4  
  68  6:55  Overlord x2  
  68  7:18  Hydralisk Den  
  68  7:22  Zerg Ground Armor Level 1  
  67  7:31  Evolution Chamber  
  67  7:32  Zergling x4  
  67  7:33  Roach x2, Zergling x6  
  75  7:42  Baneling Nest  
  74  7:59  Drone x3  
  74  8:02  Drone  
  74  8:04  Roach x5  
  74  8:05  Roach  
  90  8:16  Drone  
  90  8:17  Drone x2  
  93  8:22  Extractor  
  92  8:32  Hatchery  
  91  8:37  Ravager  
  92  9:01  Zergling x4  
  92  9:02  Roach x3, Zergling x4  
  103  9:03  Roach x3  
  103  9:06  Hatchery  
  108  9:13  Centrifical Hooks  
  107  9:18  Hatchery  
  105  9:46  Hydralisk x3  
  105  9:47  Roach x2  
  105  9:48  Roach x2, Zergling x4  
  119  10:13  Roach x3  
  97  10:30  Evolution Chamber  
  46  11:32  Queen  
  33  11:54  Roach  
  33  11:55  Roach x2  
  39  12:06  Ravager  
  39  12:07  Ravager x2, Queen  
Tags
 
Add a new tag
Caveats
  • Supply blocks, unpowered buildings, or Contaminate may cause inaccurate times.
  • Supply counts are checked every 10 seconds.